 Dungeon Sprint DCSS version 0.03.2.1-42-g860841ac0a (webtiles) character file.

Game seed: 16102247128087159163, levelgen mode: deterministic

1035 esc the Sharpshooter (level 8, 0/61 HPs) Centaur Hunter. Began on Jan 25, 2021. Was an Initiate of Gozag Ym Sagoz. Slain by a deep troll (4 damage) ... in the Dungeon (Sprint I: "Red Sonja"). The game lasted 00:03:06 (802 turns).

esc the Sharpshooter (Centaur Hunter)                Turns: 802, Time: 00:03:07

Health: 0/61       AC:  4    Str: 14    XL:     8 ^: 1319
Magic:  8/8        EV:  9    Int: 10    God:    Gozag Ym Sagoz
Gold:   672        SH:  0    Dex: 13    Spells: 7/7 levels left

rFire    . . .     Vision   .   a - +1 hand crossbow
rCold    . . .     Gourm    .   (no weapon)
rNeg     . . .     Faith    .   c - +0 leather armour
rPois    .         Spirit   .   (no helmet)
rElec    .         Reflect  .   (no cloak)
rCorr    .         Harm     .   (no gloves)
MR       .....     NoTele   +   (no barding)
Stlth    +.........             (no amulet)
HPRegen  0.30/turn              (no ring)
MPRegen  0.18/turn              (no ring)

@: very quick
A: large, hooves 3, deformed body, speed 2, tough skin 3
a: Potion Petition, Call Merchant, Bribe Branch, Renounce Religion


You were in the Dungeon.
You worshipped Gozag Ym Sagoz.
Gozag Ym Sagoz was pleased with you.
You were not hungry.

You visited 1 branch You collected 672 gold pieces.

Inventory:

Weapons
 a - a +1 hand crossbow (weapon)
 b - a +0 short sword
Armour
 c - a +0 leather armour (worn)
Jewellery
 m - a cursed amulet of harm {(Curse: Slay-6)}
Wands
 k - a wand of ensnaring (2)
Scrolls
 j - a scroll of blinking
Potions
 e - 4 potions of curing
 f - a potion of heal wounds
 g - a potion of haste
 h - 2 potions of magic
 i - a potion of berserk rage
Comestibles
 d - a ration


   Skills:
 - Level 2.0 Fighting
 + Level 18.1 Crossbows
 - Level 1.3 Dodging
 - Level 0.4 Stealth


You had 7 spell levels left.
You didn't know any spells.
Your spell library was empty.

Dungeon Overview and Level Annotations

Branches:
Dungeon (1/1)

Altars:
Cheibriados
Dithmenos
Elyvilon
Fedhas Madash
Gozag Ym Sagoz
Hepliaklqana
Kikubaaqudgha
Nemelex Xobeh
Okawaru
Qazlal
Ru
Sif Muna
Trog
Uskayaw
Vehumet
Wu Jian
Yredelemnul
Zin
The Shining One

Shops:
D (:


Innate Abilities, Weirdness & Mutations

You have hooves in place of feet.
Armour fits poorly on your strangely shaped body.
You cover ground very quickly.
You have extremely tough skin. (AC +3)


Message History

Press: ? - help, Shift-Dir - straight line, f/p - deep troll
Aim: a deep troll (moderately wounded (36/54))
You shoot a bolt.
The bolt pierces through the deep troll (8)!
The deep troll is heavily wounded. (28/54) HP
There is an open door here.
Things that are here:
a cursed +3 scythe of venom {(Curse: Int-3)} a +0 robe
Aiming:
a - a +1 hand crossbow, Range: 2 (50%)
Press: ? - help, Shift-Dir - straight line, f/p - deep troll
Aim: a deep troll (heavily wounded (31/54))
You shoot a bolt.
The bolt pierces through the deep troll (7)!
The deep troll is heavily wounded. (24/54) HP The deep troll barely misses you (0).
The deep troll claws you (8)!
* * * LOW HITPOINT WARNING * * *
The deep troll claws you (4).
You die...
Your body crumbles into a pile of gold.

################
#<.#..'..#..'..# $$
#..)..#..T@.#..+ $$
#..#####'#####'#
#..####..#...#[#
#..#__####..##.# $$
#..#_____##'#_.+
#⌠⌠#_.∩...'..._# $$
####_..__##_.#'#
$$#_____###'#)# $ $
############.####+###$
$


You could see a deep troll.

Vanquished Creatures
  Sonja (D)
  Sigmund (D)
  A yak (D)
  An ogre (D)
  Ijyb (D)
  A jelly (D)
  4 ballistomycetes (D)
10 creatures vanquished.

Vanquished Creatures (others)
  A gargoyle (D)
  2 ballistomycete spores (D)
3 creatures vanquished.

Grand Total: 13 creatures vanquished

Notes
Turn   | Place    | Note
-------+----------+-------------------------------------------
     0 | D        | esc the Centaur Hunter began the quest for the Orb.
     0 | D        | Reached XP level 1. HP: 17/17 MP: 1/1
     1 | D        | Noticed Ijyb
    29 | D        | Killed Ijyb
    29 | D        | Reached skill level 10 in Crossbows
    29 | D        | Reached XP level 2. HP: 22/24 MP: 2/2
    29 | D        | Reached XP level 3. HP: 27/29 MP: 3/3
    29 | D        | Reached XP level 4. HP: 34/36 MP: 4/4
    41 | D        | Noticed an ogre
    64 | D        | Killed an ogre
    64 | D        | Reached skill level 12 in Crossbows
    64 | D        | Reached XP level 5. HP: 15/41 MP: 5/5
   179 | D        | Noticed Sigmund
   186 | D        | Killed Sigmund
   186 | D        | Reached skill level 14 in Crossbows
   186 | D        | Reached XP level 6. HP: 21/48 MP: 6/6
   355 | D        | Found an ornate altar of the Wu Jian Council.
   355 | D        | Found a shimmering blue altar of Sif Muna.
   358 | D        | Found a radiant altar of Vehumet.
   383 | D        | Killed a gargoyle
   385 | D        | Found Juaque's Book Emporium.
   385 | D        | Found an ancient bone altar of Kikubaaqudgha.
   385 | D        | Found a hazy altar of Hepliaklqana.
   385 | D        | Found a stormy altar of Qazlal.
   385 | D        | Found a hide-covered altar of Uskayaw.
   385 | D        | Found a blossoming altar of Fedhas.
   385 | D        | Found a bloodstained altar of Trog.
   385 | D        | Found an iron altar of Okawaru.
   385 | D        | Found a basalt altar of Yredelemnul.
   385 | D        | Found a glowing golden altar of the Shining One.
   385 | D        | Found a snail-covered altar of Cheibriados.
   385 | D        | Found a sacrificial altar of Ru.
   385 | D        | Found a glowing silver altar of Zin.
   385 | D        | Found a shadowy altar of Dithmenos.
   385 | D        | Found a white marble altar of Elyvilon.
   385 | D        | Noticed a yak
   415 | D        | Killed a yak
   415 | D        | Reached skill level 15 in Crossbows
   440 | D        | Found an opulent altar of Gozag.
   441 | D        | Found a sparkling altar of Nemelex Xobeh.
   446 | D        | Became a worshipper of Gozag Ym Sagoz the Greedy
   456 | D        | Noticed Sonja
   458 | D        | Killed Sonja
   458 | D        | Reached skill level 18 in Crossbows
   458 | D        | Reached XP level 7. HP: 37/55 MP: 7/7
   458 | D        | Reached XP level 8. HP: 42/61 MP: 8/8
   733 | D        | Found Rylejog's Weapon Boutique.
   753 | D        | Noticed a deep troll
   802 | D        | Slain by a deep troll

Levels and vault maps discovered:
D:        dungeon_sprint_1 [red_sonja_temple_1, red_sonja_temple_small_1]

Skill      XL: |  1  2  3  4  5  6 |
---------------+-------------------+-----
Crossbows      | 10 12 14 18 | 18.1
Fighting       | |  2.0
Dodging        | |  1.3
Stealth        | |  0.4

Action                   |  1- 3 |  4- 6 |  7- 9 || total
-------------------------+-------+-------+-------++-------
Melee: Unarmed           |     2 |     3 |       ||     5
 Fire: Hand crossbow     |     6 |    22 |    28 ||    56
Armor: Leather armour    |     2 |     1 |       ||     3
Dodge: Dodged            |     7 |     5 |     2 ||    14
